AoeStats
← Unknown

Nomad

506297780Analyzed
2v2 RM · 20d ago on Sep 13, 2026· 41m 39s· 4 players
Game mode
Random Map
Map size
176×176
Population
200
Speed
Normal
Resources
Standard
Victory
Conquest
Starting age
Dark Age
Ending age
Imperial Age
RankedLock teamsTeams togetherTeam positionsShared explorationLock speedFull tech treeHidden civsTurbo modeCheats
Victory
Defeat
🇦🇷 Bohemians · Argentina
1231
+14
🇦🇷 Byzantines · Argentina
1138
+17
🇵🇪 Huns · Peru
1190
-16
🇹🇼 Magyars · Taiwan
1172
-15
5A
5:02 Loom
16:03 Feudal Age
21:05 Castle Age
19:40 Double-Bit Axe
20:56 Gold Mining
23:43 Medium Warships
31:45 Pikeman
39:30 Imperial Age
37:36 Wheelbarrow
37:49 Corvinian Army
37:52 Stone Mining
38:40 Gold Shaft Mining
39:32 Elite Magyar Huszar
Unknown
14:10 Feudal Age
17:58 Castle Age
16:42 Scale Barding Armor
16:47 Forging
17:25 Forging
17:04 Double-Bit Axe
17:32 Horse Collar
20:09 Bow Saw
26:00 Loom
Guver
4:51 Loom
15:24 Feudal Age
20:15 Castle Age
18:08 Fishing Lines
18:36 Double-Bit Axe
21:02 Squires
20:23 Pikeman
21:32 Light Cavalry
23:25 Arson
24:11 Scale Mail Armor
25:14 Husbandry
31:00 Wheelbarrow
35:36 Hand Cart
42:30 Imperial Age
LoKogan
4:37 Loom
13:42 Feudal Age
14:08 Double-Bit Axe
16:53 Forging
21:27 Castle Age
20:17 Scale Mail Armor
21:36 Pikeman
22:17 Squires
23:13 Chain Mail Armor
23:33 Iron Casting
26:01 Horse Collar
30:40 Wheelbarrow
30:25 Fletching
33:07 Iron Casting
32:27 Bodkin Arrow
33:44 Heavy Plow
34:00 Bow Saw
36:45 Imperial Age
35:56 Fervor
37:14 Husbandry
37:05 Arson
37:04 Treadmill Crane
37:35 Masonry
38:34 Guilds
38:49 Hand Cart
38:19 Town Watch
39:27 Ballistics
39:03 Crossbowman
39:48 Padded Archer Armor
39:54 Scale Barding Armor
39:12 Light Cavalry
39:16 Man-at-Arms
40:00 Arbalester
40:01 Elite Skirmisher
40:40 Murder Holes
40:51 Siege Engineers
41:20 Illumination
40:58 Devotion
41:33 Conscription
41:42 Atonement
41:28 Long Swordsman
42:27 Leather Archer Armor
42:13 Bracer
42:47 Plate Mail Armor
Connection lost

Rejoining the realm…

Still unreachable

The connection could not be restored.

Session expired

The server has moved on; the page needs a fresh start.